 Dungeon Crawl Stone Soup version 0.28-a0-1504-g839a4452db (webtiles) character file.

Game seed: 2500366515235323112

249 AarnesTheHuman the Shield-Bearer (level 6, -11/50 HPs)
             Began as a Formicid Fighter on Jan 13, 2022.
             Was an Initiate of Nemelex Xobeh.
             Mangled by Menkaure (12 damage)
             ... in an ossuary.
             The game lasted 00:11:53 (4233 turns).

AarnesTheHuman the Shield-Bearer (Formicid Fighter) Turns: 4233, Time: 00:11:53

Health: -11/50     AC:  8    Str: 23    XL:     6   Next: 35%
Magic:  6/6        EV:  9    Int:  7    God:    Nemelex Xobeh [......]
Gold:   129        SH:  5    Dex: 10    Spells: 5/5 levels left

rFire   + . .      SeeInvis +   a - +3 dagger
rCold   . . .      Faith    .   c - +0 buckler
rNeg    . . .      Spirit   .   h - +0 scale mail
rPois   .          Reflect  .   (helmet unavailable)
rElec   .          Harm     .   (no cloak)
rCorr   .          Rampage  .   (no gloves)
Will    .....                   g - +0 pair of boots
Stlth   ..........              (no amulet)
HPRegen 0.16/turn               m - ring of protection from fire
MPRegen 0.10/turn               (no ring)

@: no status effects
A: permanent stasis, dig shafts and tunnels, antennae 3, four strong arms
a: Dig, Renounce Religion, Draw Escape, Draw Destruction, Draw Summoning


You were in an ossuary.
You worshipped Nemelex Xobeh.
Nemelex Xobeh was noncommittal.
You visited 2 branches of the dungeon, and saw 6 of its levels.
You also visited: Ossuary.

You collected 129 gold pieces.

Inventory:

Hand Weapons
 a - a +3 dagger (weapon)
 b - a +0 hunting sling
 e - a +1 vampiric dagger
 k - a +0 dagger
 o - a +0 trident
 v - a +0 quarterstaff
Missiles
 f - 144 stones
 n - 6 poisoned darts
 t - 13 sling bullets
Armour
 c - a +0 buckler (worn)
 g - a +0 pair of boots (worn)
 h - a +0 scale mail (worn)
Jewellery
 m - a ring of protection from fire (left hand)
 p - an amulet of guardian spirit
Wands
 r - a wand of charming (6)
Scrolls
 i - a scroll of vulnerability
 y - 2 scrolls of enchant weapon {unknown}
 z - a scroll of teleportation {unknown}
 A - a scroll of silence {unknown}
 B - a scroll of amnesia {unknown}
Potions
 d - 3 potions of might
 j - a potion of magic {unknown}
 l - a potion of flight {unknown}
 q - 2 potions of attraction {unknown}
 s - 2 potions of brilliance {unknown}
 u - 2 potions of haste
 w - 2 potions of curing {unknown}
 x - a potion of invisibility {unknown}


   Skills:
 + Level 4.9 Fighting
 - Level 2.0 Polearms
 + Level 4.9 Armour
 + Level 5.4 Shields
 + Level 0.8 Invocations


You had 5 spell levels left.
You didn't know any spells.
Your spell library was empty.

Dungeon Overview and Level Annotations

Branches:
Dungeon (5/15)             Temple (1/1) D:4         Ossuary (1/1)

Altars:
Ashenzari
Dithmenos
Elyvilon
Fedhas
Gozag
Makhleb
Nemelex Xobeh
Okawaru
Qazlal
Ru
Sif Muna
Uskayaw
Vehumet
Wu Jian
Xom
Yredelemnul
Zin
The Shining One

Annotations:
Ossuary Menkaure


Innate Abilities, Weirdness & Mutations

You cannot be hasted, slowed, berserked, paralysed or teleported.
You can dig through walls and to a lower floor.
You have a pair of large antennae on your head. (SInv)
Your four strong arms can wield two-handed weapons with a shield.


Message History

Hit: a) +3 dagger
Press: ? - help, Dir - move target, f - you, p - gnoll zombie
Okay, then.
Unknown command.
Aiming: Charm
Press: ? - help, Shift-Dir - straight line, f - kobold zombie, p - gnoll zombie
Aim: a kobold zombie (chance to affect: 65%) Really fire in your gnoll zombie's direction?
Okay, then.
The kobold zombie hits your gnoll zombie.
The gnoll zombie hits your gnoll zombie.
The kobold zombie hits your gnoll zombie.
Your gnoll zombie is destroyed!
Aiming: Charm
Press: ? - help, Shift-Dir - straight line, f - gnoll zombie, p - kobold zombie
Aim: a gnoll zombie (almost destroyed, chance to affect: 64%)
The gnoll zombie struggles to resist.
Aiming: Charm
Press: ? - help, Shift-Dir - straight line, f/p - gnoll zombie
Aim: a gnoll zombie (almost destroyed, chance to affect: 64%)
The gnoll zombie is charmed.
The kobold zombie hits your gnoll zombie.
Menkaure barely misses your gnoll zombie.
The kobold zombie hits your gnoll zombie.
Your gnoll zombie is destroyed!
You hit Menkaure.
Menkaure is lightly damaged.
Menkaure hits you!
You hit Menkaure but do no damage.
Menkaure is lightly damaged.
Menkaure hits you!
* * * LOW HITPOINT WARNING * * *
You hit Menkaure.
Menkaure is lightly damaged.
Menkaure completely misses you.
You barely miss Menkaure.
Menkaure is lightly damaged.
Menkaure hits you!
You die...
Your body disappears without a glow.

# #..##..##..## { #M.##..##..##
{ #..##..##..## #..##..##..##
#..##..##..## #.{##..##..## { {
{ ##{.##..##..##
##################..##..##..##
................@MZ..##..##..##
########################..##..##
...........................##∩∩#
################################


You could see Menkaure (fast) and a kobold zombie.

Vanquished Creatures
  A scorpion (D:2)
  A hound skeleton (D:4)
  A howler monkey zombie (D:4)
  4 adders
  3 dart slugs
  8 orcs
  7 endoplasms
  4 giant cockroaches
  A gnoll zombie (Ossuary)
  11 goblins
  6 hobgoblins
  A quokka (D:1)
  5 ball pythons
  4 bats
  4 frilled lizards
  6 gnoll skeletons (Ossuary)
  3 goblin skeletons (Ossuary)
  4 goblin zombies (Ossuary)
  4 hobgoblin skeletons (Ossuary)
  2 hobgoblin zombies (Ossuary)
  12 kobolds
  7 kobold skeletons (Ossuary)
  5 kobold zombies (Ossuary)
  2 orc skeletons (Ossuary)
  4 orc zombies (Ossuary)
  6 rats
  2 rat skeletons (Ossuary)
  5 rat zombies (Ossuary)
123 creatures vanquished.

Vanquished Creatures (others)
  2 gnoll zombies (Ossuary)
2 creatures vanquished.

Grand Total: 125 creatures vanquished

Notes
Turn   | Place    | Note
-------+----------+-------------------------------------------
     0 | D:1      | AarnesTheHuman the Formicid Fighter began the quest for the
                  | Orb.
     0 | D:1      | Reached XP level 1. HP: 18/18 MP: 1/1
   246 | D:1      | Reached XP level 2. HP: 22/24 MP: 2/2
   386 | D:1      | Reached skill level 4 in Shields
   691 | D:1      | Reached XP level 3. HP: 30/30 MP: 3/3
   901 | D:2      | Found a faded altar of an unknown god.
  1273 | D:2      | Reached XP level 4. HP: 34/37 MP: 4/4
  1852 | D:3      | Noticed a scorpion
  1924 | D:2      | Killed a scorpion
  1925 | D:2      | Reached XP level 5. HP: 12/43 MP: 5/5
  2799 | D:4      | Identified the +0 helmet of Protective Custody {Harm Drain
                  | Int+6}
  2825 | D:4      | Reached skill level 5 in Shields
  3084 | D:4      | Reached XP level 6. HP: 34/49 MP: 6/6
  3492 | D:4      | Found a staircase to the Ecumenical Temple.
  3507 | Temple   | Entered the Ecumenical Temple
  3624 | Temple   | Became a worshipper of Nemelex Xobeh the Trickster
  3822 | D:5      | Entered Level 5 of the Dungeon
  3822 | D:5      | Found a sand-covered staircase.
  3829 | Ossuary  | Entered an ossuary
  4204 | Ossuary  | Noticed Menkaure
  4231 | Ossuary  | HP: 1/50 [Menkaure (17)]
  4233 | Ossuary  | Mangled by Menkaure

Illustrated notes

Levels and vault maps discovered:
D:1:      ncdulo_watergridlock, layout_loops_ring, minmay_fountain_box
D:2:      layout_loops_ring, hellmonk_ecumenical_altar_leap_of_faith,
          minmay_fractal_squares_gapless_5
D:3:      layout_rooms
D:4:      layout_rooms, minmay_temple_entry_hall
D:5:      layout_loops_ring, lemuel_crystal_altar, enter_ossuary_3,
          nicolae_shop_sticking_my_neck_out, uniq_crazy_yiuf_cottage
Temple:   mainiacjoe_temple_coin_purse
Ossuary:  ossuary_due_pyramid

Skill      XL: |  1  2  3  4  5 |
---------------+----------------+-----
Shields        | 4 5 |  5.4
Armour         | 4 |  4.9
Fighting       | 4 |  4.9
Polearms       | |  2.0
Invocations    | |  0.8

Action                   |  1- 3 |  4- 6 || total
-------------------------+-------+-------++-------
Melee: Trident           |    81 |       ||    81
       Dagger            |    12 |   394 ||   406
 Fire: Hunting sling     |       |     3 ||     3
Evoke: Wand              |       |     3 ||     3
  Use: Scroll            |       |     3 ||     3
Armor: Scale mail        |    36 |   149 ||   185
Dodge: Dodged            |    20 |   160 ||   180
Block: Buckler           |    17 |    65 ||    82

Table legend: (Time is in decaauts)
 A = Elapsed time spent in this place.
 B = Non-inter-level travel time spent in this place.
 C = Inter-level travel time spent in this place.
 D = Time resting spent in this place.
 E = Time spent auto-exploring this place.
 F = Levels seen in this place.
 G = Mean time per level.
                   A        B        C        D        E       F      G
               +--------+--------+--------+--------+--------+-----+--------+
         Total |   4261 |   4050 |    211 |    691 |   2161 |   7 |  608.7 |
       Dungeon |   3728 |   3543 |    185 |    616 |   2071 |   5 |  745.6 |
        Temple |    126 |    100 |     26 |      0 |     86 |   1 |  126.0 |
       Ossuary |    406 |    406 |      0 |     75 |      4 |   1 |  406.0 |
               +--------+--------+--------+--------+--------+-----+--------+

Top non-repeatable levels by time:
     D:2: 1252 daAuts
     D:4: 897 daAuts
     D:1: 849 daAuts
     D:3: 721 daAuts
 Ossuary: 406 daAuts
  Temple: 126 daAuts
     D:5: 6 daAuts
